[Event "Titled Tuesday Blitz August 08 Early 2023"]
[White "Timerkhanov, Alexander"]
[Black "Oparin, Grigoriy"]
[WhiteFideId "24177938"]
[BlackFideId "24125890"]
[WhiteElo "2627"]
[BlackElo "2988"]
[Result "1-0"]
[Round "2"]
[TimeControl "180+1"]
[Date "2023.08.08"]
[WhiteClock "0:00:57"]
[BlackClock "0:00:06"]
[Board "19"]

1. d4 b6 2. e4 Bb7 3. Bd3 e6 4. Nf3 c5 5. c3 Nf6 6. Qe2 cxd4 7. cxd4 Nc6 8. a3 d5 9. e5 Ne4 10. Nbd2 Nxd2 11. Bxd2 Be7 12. O-O h6 13. b4 Qd7 14. Be3 a5 15. b5 Nd8 16. a4 Bb4 17. Rac1 O-O 18. Nd2 Bxd2 19. Bxd2 f5 20. exf6 Rxf6 21. Qg4 Nf7 22. Qg3 Nd6 23. Bf4 Nc4 24. Be5 Nxe5 25. Qxe5 Rc8 26. f4 Rff8 27. f5 exf5 28. Bxf5 Rxc1 29. Be6+ Kh8 30. Rxc1 Qe8 31. Rc7 Qg6 32. h3 Re8 33. Bf5 Rxe5 34. Bxg6 Re6 35. Bf7 1-0


[Site "https://www.chess.com"]

[Event "Titled Tuesday Blitz August 08 Early 2023"]
[White "Matlakov, Maxim"]
[Black "Garcia Ramos, Daniel"]
[WhiteFideId "4168003"]
[BlackFideId "32010311"]
[WhiteElo "2987"]
[BlackElo "2623"]
[Result "1-0"]
[Round "2"]
[TimeControl "180+1"]
[Date "2023.08.08"]
[WhiteClock "0:00:49"]
[BlackClock "0:00:04"]
[Board "20"]

1. e4 c6 2. d4 d5 3. exd5 cxd5 4. Bd3 Nf6 5. c3 Nc6 6. h3 g6 7. Nf3 Bf5 8. O-O Bxd3 9. Qxd3 e6 10. Re1 Bd6 11. Bh6 Ne4 12. Nbd2 f5 13. Qe3 Qf6 14. Bg5 Qf7 15. Bf4 Qc7 16. Bxd6 Qxd6 17. Nb3 O-O 18. Nc5 b6 19. Nd3 f4 20. Qe2 Rf5 21. Nfe5 Nxe5 22. Nxe5 Raf8 23. f3 Ng3 24. Qb5 Rg5 25. Qc6 Qxc6 26. Nxc6 Nf5 27. Re5 h6 28. Kf2 Rf6 29. Nxa7 Rg3 30. a4 Nh4 31. Rg1 Kf7 32. Nc8 Ke8 33. Nxb6 Kd8 34. a5 Kc7 35. Na4 g5 36. Nc5 h5 37. Nxe6+ Kd6 38. Ng7 Rf7 39. Nxh5 Ng6 40. Nxg3 fxg3+ 41. Kxg3 Nxe5 42. dxe5+ Kxe5 1-0


[Site "https://www.chess.com"]

[Event "Titled Tuesday Blitz August 08 Early 2023"]
[White "Rostomyan, Mikayel"]
[Black "Van Foreest, Jorden"]
[WhiteFideId "13313754"]
[BlackFideId "1039784"]
[WhiteElo "2621"]
[BlackElo "2984"]
[Result "0-1"]
[Round "2"]
[TimeControl "180+1"]
[Date "2023.08.08"]
[WhiteClock "0:00:05"]
[BlackClock "0:00:54"]
[Board "21"]

1. d4 Nc6 2. d5 Ne5 3. Bf4 Ng6 4. Bg3 e5 5. Nc3 Bb4 6. e4 Bxc3+ 7. bxc3 d6 8. Bd3 N8e7 9. Ne2 f5 10. f4 O-O 11. O-O fxe4 12. Bxe4 Bf5 13. Bxf5 Nxf5 14. fxe5 Nxg3 15. Nxg3 Nxe5 16. Qh5 g6 17. Qh3 Qd7 18. Qxd7 Nxd7 19. Ne4 Nb6 20. Rad1 h6 21. Rd4 Kg7 22. c4 Nd7 23. Ng3 Ne5 24. Ne2 g5 25. Re4 Kg6 26. Nd4 Rxf1+ 27. Kxf1 Rf8+ 28. Ke2 Rf7 29. Ne6 b6 30. h3 h5 31. c5 bxc5 32. Nxc5 Kf5 33. g4+ hxg4 34. hxg4+ Nxg4 35. Ne6 Nf6 36. Rd4 Rh7 37. c4 Ke5 38. Nxg5 Kxd4 0-1


[Site "https://www.chess.com"]

[Event "Titled Tuesday Blitz August 08 Early 2023"]
[White "Puranik, Abhimanyu"]
[Black "Przybylski, Wojciech"]
[WhiteFideId "5061245"]
[BlackFideId "1117599"]
[WhiteElo "2981"]
[BlackElo "2616"]
[Result "1-0"]
[Round "2"]
[TimeControl "180+1"]
[Date "2023.08.08"]
[WhiteClock "0:00:26"]
[BlackClock "0:00:04"]
[Board "22"]

1. Nf3 f6 2. d4 d5 3. c4 c6 4. Nc3 e6 5. e4 dxe4 6. Nxe4 Bb4+ 7. Bd2 Bxd2+ 8. Qxd2 Ne7 9. Bd3 O-O 10. O-O b6 11. Rfe1 Na6 12. Rad1 Nc7 13. Bc2 Ng6 14. h4 Nh8 15. Qf4 f5 16. Nd6 Ng6 17. Qh2 Ne8 18. Nxc8 Qxc8 19. h5 Nh8 20. Re3 Nf7 21. Rde1 Nc7 22. Ne5 Nxe5 23. Qxe5 Qd7 24. h6 g6 25. Bb3 Rad8 26. d5 exd5 27. cxd5 Nxd5 28. Qd4 Rf7 29. Re6 f4 30. R1e5 f3 31. g3 a5 32. a4 Qb7 33. Re8+ Rxe8 34. Rxe8+ Rf8 35. Qh8+ Kf7 36. Qxf8# 1-0


[Site "https://www.chess.com"]

[Event "Titled Tuesday Blitz August 08 Early 2023"]
[White "Kononenko, Dmitry"]
[Black "Movahed, Sina"]
[WhiteFideId "14113538"]
[BlackFideId "42520835"]
[WhiteElo "2615"]
[BlackElo "2978"]
[Result "0-1"]
[Round "2"]
[TimeControl "180+1"]
[Date "2023.08.08"]
[WhiteClock "0:01:30"]
[BlackClock "0:02:07"]
[Board "23"]

1. d4 Nf6 2. c4 g6 3. Nc3 Bg7 4. Nf3 O-O 5. g3 d6 6. Bg2 Nbd7 7. O-O e5 8. e4 exd4 9. Nxd4 Re8 10. Re1 Nc5 11. h3 h6 12. b3 a5 13. Bb2 a4 14. Rc1 c6 15. b4 a3 16. Ba1 Ne6 17. Nce2 Ng5 18. Nf4 Ngxe4 19. Qc2 d5 20. cxd5 cxd5 21. Nb5 Bd7 22. Nxd5 Bxb5 23. Bxe4 Nxe4 24. Bxg7 Qxd5 25. Bxh6 Ng5 26. Bxg5 Qxg5 27. Qc7 Bc6 28. Qd6 Qd5 29. Qxd5 Bxd5 30. Rxe8+ Rxe8 31. Rc2 Re1+ 32. Kh2 Rh1# 0-1


[Site "https://www.chess.com"]

[Event "Titled Tuesday Blitz August 08 Early 2023"]
[White "Kamsky, Gata"]
[Black "Goltsev, Dmitry"]
[WhiteFideId "2000024"]
[BlackFideId "24176710"]
[WhiteElo "2971"]
[BlackElo "2614"]
[Result "0-1"]
[Round "2"]
[TimeControl "180+1"]
[Date "2023.08.08"]
[WhiteClock "0:00:03"]
[BlackClock "0:00:09"]
[Board "24"]

1. d4 Nf6 2. Bf4 g6 3. c3 Bg7 4. Nf3 O-O 5. h3 d6 6. e3 b6 7. a4 a5 8. Nbd2 Bb7 9. Bb5 Nbd7 10. O-O Re8 11. Bh2 e5 12. dxe5 dxe5 13. Nc4 Nd5 14. e4 N5f6 15. Ncxe5 Nxe5 16. Nxe5 Re6 17. Bc4 Re7 18. Qxd8+ Rxd8 19. Rfd1 Rxd1+ 20. Rxd1 Bxe4 21. f3 Bf5 22. Nxf7 Rxf7 23. Rd8+ Bf8 24. Bxc7 Kg7 25. Bxf7 Bc5+ 26. Kh2 Kxf7 27. b4 axb4 28. cxb4 Bxb4 29. Bxb6 Nd7 30. a5 Ke7 31. Rh8 h5 32. g4 hxg4 33. hxg4 Bd3 34. Bc7 Nc5 35. Kg3 Ne6 36. Bb6 g5 37. Rc8 Bd6+ 38. Kf2 Bb4 39. Rc1 Ba6 40. Rb1 Bd6 41. Be3 Bd3 42. Bd2 Bxb1 0-1


[Site "https://www.chess.com"]

[Event "Titled Tuesday Blitz August 08 Early 2023"]
[White "Demidov, Mikhail"]
[Black "Liyanage, Ranindu Dilshan"]
[WhiteFideId "4197143"]
[BlackFideId "9915834"]
[WhiteElo "2963"]
[BlackElo "2607"]
[Result "1-0"]
[Round "2"]
[TimeControl "180+1"]
[Date "2023.08.08"]
[WhiteClock "0:02:16"]
[BlackClock "0:00:01"]
[Board "25"]

1. Nf3 d5 2. d4 Nf6 3. Bf4 e6 4. e3 c5 5. dxc5 Bxc5 6. Be2 Nc6 7. O-O h6 8. c4 O-O 9. Nc3 a6 10. cxd5 exd5 11. Rc1 Ba7 12. Ne5 Ne7 13. Bf3 d4 14. exd4 Bxd4 15. Qb3 Qa5 16. Rfe1 Be6 17. Qxb7 Bxc3 18. bxc3 Ned5 19. Bg3 Rfb8 20. Nc6 Rxb7 21. Nxa5 Rb5 22. Nb3 1-0


[Site "https://www.chess.com"]

[Event "Titled Tuesday Blitz August 08 Early 2023"]
[White "Indjic, Aleksandar"]
[Black "Domingo Nunez, Ruben"]
[WhiteFideId "911925"]
[BlackFideId "22245570"]
[WhiteElo "2939"]
[BlackElo "2607"]
[Result "0-1"]
[Round "2"]
[TimeControl "180+1"]
[Date "2023.08.08"]
[WhiteClock "0:00:08"]
[BlackClock "0:00:10"]
[Board "26"]

1. e4 g6 2. d4 Bg7 3. Nc3 c6 4. Nf3 d5 5. h3 dxe4 6. Nxe4 Nf6 7. Bd3 O-O 8. c3 Nxe4 9. Bxe4 Nd7 10. Qe2 e5 11. dxe5 Nxe5 12. Nxe5 Bxe5 13. O-O Re8 14. Qf3 Qh4 15. Bc2 Be6 16. Be3 h5 17. Bb3 a5 18. Rfd1 Qe7 19. Bxe6 Qxe6 20. a4 Kg7 21. Kf1 Qb3 22. Rd7 Rad8 23. Rad1 Rxd7 24. Rxd7 Bf6 25. g4 hxg4 26. hxg4 Re7 27. Rd6 Re6 28. Rd7 Re7 29. Rd2 Qxa4 30. g5 Be5 31. Rd8 Qh4 32. Bc5 Rc7 33. Qe3 Qh1+ 34. Ke2 Qh5+ 35. Kd2 f6 36. Re8 Rf7 37. Kc2 Qg4 38. Kb3 Qd7 39. Ra8 Qd5+ 40. Ka3 Bd6 41. gxf6+ Rxf6 42. Bxd6 Qxd6+ 43. Ka2 Qd5+ 44. b3 Re6 45. Qf4 Re2+ 46. Ka3 Qc5+ 47. b4 Qxc3+ 48. Ka4 Ra2# 0-1


[Site "https://www.chess.com"]

[Event "Titled Tuesday Blitz August 08 Early 2023"]
[White "Terry, Renato"]
[Black "Sakun, Volodymyr"]
[WhiteFideId "3803457"]
[BlackFideId "14114062"]
[WhiteElo "2934"]
[BlackElo "2606"]
[Result "0-1"]
[Round "2"]
[TimeControl "180+1"]
[Date "2023.08.08"]
[WhiteClock "0:00:04"]
[BlackClock "0:00:12"]
[Board "27"]

1. d4 d5 2. Nf3 c6 3. c4 Nf6 4. Nc3 e6 5. Bg5 Be7 6. e3 Nbd7 7. Qc2 h6 8. Bh4 O-O 9. Rc1 b6 10. cxd5 exd5 11. Bd3 Bb7 12. O-O Nh5 13. Bxe7 Qxe7 14. a3 Nhf6 15. Rfe1 Rac8 16. e4 dxe4 17. Nxe4 Nxe4 18. Bxe4 Qd6 19. Bh7+ Kh8 20. Bf5 Rc7 21. Ne5 Nxe5 22. dxe5 Qe7 23. Rcd1 Bc8 24. f4 Bxf5 25. Qxf5 Rd8 26. h3 Rcd7 27. Rxd7 Qxd7 28. e6 fxe6 29. Rxe6 Qd4+ 30. Kh2 Qxb2 31. Rxc6 Qxa3 32. Rxh6+ gxh6 33. Qf6+ Kh7 34. Qf7+ Kh8 35. Qf6+ Kh7 36. Qxd8 Qb4 37. Qd7+ Kg8 38. Qe8+ Kg7 39. Qe5+ Kf7 40. Qf5+ Kg7 41. Qe5+ Kf7 42. h4 Qe7 43. Qd5+ Qe6 44. Qb7+ Qe7 45. Qd5+ Qe6 46. Qd3 a5 47. Qh7+ Kf8 48. f5 Qf6 49. g3 a4 50. Qa7 Qb2+ 51. Kh3 a3 52. Qb8+ Kf7 53. Qc7+ Kf8 54. Qd6+ Kf7 55. Qe6+ Kf8 56. Qxh6+ Ke8 57. Qe6+ Kd8 58. f6 Qb4 59. f7 Qf8 60. Qxb6+ Ke7 61. Qa7+ Kf6 62. g4 Qb4 63. g5+ Kg7 64. h5 Qb3+ 65. Kg4 Qc4+ 66. Kf5 Qxf7+ 67. Qxf7+ Kxf7 68. g6+ Kg7 69. h6+ Kxh6 70. Kf6 a2 71. g7 a1=Q+ 72. Kf7 Qxg7+ 0-1


[Site "https://www.chess.com"]

[Event "Titled Tuesday Blitz August 08 Early 2023"]
[White "Bilan, Danila"]
[Black "Shimanov, Aleksandr"]
[WhiteFideId "24161918"]
[BlackFideId "4198603"]
[WhiteElo "2605"]
[BlackElo "2934"]
[Result "0-1"]
[Round "2"]
[TimeControl "180+1"]
[Date "2023.08.08"]
[WhiteClock "0:00:02"]
[BlackClock "0:00:15"]
[Board "28"]

1. d4 Nf6 2. Nf3 e6 3. Bg5 h6 4. Bh4 g5 5. Bg3 d6 6. e3 Nh5 7. Nbd2 Bg7 8. Bd3 Nd7 9. c3 Qe7 10. a4 f5 11. Ng1 Nxg3 12. hxg3 Nf6 13. Ngf3 Bd7 14. Qc2 O-O 15. O-O Qf7 16. Rfe1 g4 17. Nh2 d5 18. c4 c6 19. a5 h5 20. a6 b6 21. cxd5 cxd5 22. Rac1 Rfc8 23. Qb1 Bf8 24. Rxc8 Rxc8 25. Rc1 Bb4 26. Nhf1 Ne8 27. Rxc8 Bxc8 28. Qc2 Nc7 29. Nb1 Qd7 30. Nc3 Qc6 31. Qb3 Bxc3 32. bxc3 Kf7 33. Nd2 b5 34. Nb1 Qxa6 35. Na3 Bd7 36. Nc2 Qb6 37. Ne1 Ne8 38. Bc2 Nd6 39. Qb1 Qc7 40. Nd3 Qxc3 41. Ne5+ Ke7 42. Bd1 a5 43. Be2 b4 44. Qa2 b3 45. Qa3 Qb4 46. Qb2 a4 47. Nd3 a3 48. Nxb4 axb2 49. Bd3 Nc4 50. Bb1 Nd2 0-1


[Site "https://www.chess.com"]

[Event "Titled Tuesday Blitz August 08 Early 2023"]
[White "NovoselovRoman"]
[Black "Zhigalko, Sergei"]
[BlackFideId "13502956"]
[WhiteElo "2605"]
[BlackElo "2925"]
[Result "1/2-1/2"]
[Round "2"]
[TimeControl "180+1"]
[Date "2023.08.08"]
[WhiteClock "0:00:07"]
[BlackClock "0:00:11"]
[Board "29"]

1. e4 c5 2. Nc3 Nc6 3. Nf3 Nf6 4. g3 e5 5. Bg2 Be7 6. d3 O-O 7. Bg5 d6 8. Qd2 Be6 9. O-O Nd7 10. Bxe7 Qxe7 11. Nh4 Nd4 12. Nd1 g5 13. Nf3 f5 14. Nxg5 f4 15. Nxe6 Nxe6 16. f3 h5 17. Bh3 Rf7 18. Nc3 Ng5 19. Bf5 Raf8 20. Nd5 Qd8 21. gxf4 exf4 22. Nxf4 Ne5 23. Kh1 Ngxf3 24. Qg2+ Rg7 25. Qxg7+ Kxg7 26. Ne6+ Kh6 27. Nxd8 Rxd8 28. Rf2 Rf8 29. Raf1 Nd4 30. Bh3 Rd8 31. Rg1 Ndf3 32. Rg3 Nd4 33. Rf6+ Kh7 34. Bf5+ Nxf5 35. Rxf5 Kh6 36. Rf6+ Kh7 37. Rg5 b5 38. Rxh5+ Kg7 39. Rf2 b4 40. Rg5+ Kh6 41. h4 a5 42. Rf6+ Kh7 43. Rff5 a4 44. Rxe5 dxe5 45. Rxe5 c4 46. dxc4 Rd1+ 47. Kg2 Rd2+ 48. Kf3 Rxc2 49. Rb5 Rxb2 50. c5 a3 51. c6 Rxa2 52. Rxb4 Rc2 53. Ra4 a2 54. Kf4 Kg6 55. c7 Rxc7 56. Rxa2 Rc1 57. Ra6+ Kh5 58. Kf5 Rf1+ 59. Ke6 Kxh4 60. e5 Kg5 61. Ra8 Re1 62. Rg8+ Kf4 63. Rf8+ Ke4 64. Rh8 Kf4 65. Rh4+ Kg5 66. Rh2 Kf4 67. Rf2+ Kg5 68. Kd6 Rd1+ 69. Ke7 Kg6 70. e6 Kg7 71. Ke8 Ra1 72. e7 Ra8+ 73. Kd7 Ra7+ 74. Ke6 Ra6+ 75. Kd5 Ra5+ 76. Kc6 Ra6+ 77. Kd5 Ra5+ 78. Kd6 Ra6+ 79. Kc5 Ra5+ 80. Kb6 Re5 81. Rg2+ Kf7 82. Rf2+ Kxe7 83. Rc2 Re6+ 84. Rc6 Re1 85. Rc7+ Kd8 86. Rc6 Rb1+ 87. Kc5 Rc1+ 88. Kd6 Rd1+ 89. Kc5 Kd7 90. Rh6 Rc1+ 91. Kd5 Rd1+ 92. Kc5 Rc1+ 93. Kd5 Rd1+ 94. Kc5 1/2-1/2


[Site "https://www.chess.com"]

[Event "Titled Tuesday Blitz August 08 Early 2023"]
[White "Muradli, Mahammad"]
[Black "Sadykov, Ramil"]
[WhiteFideId "13409301"]
[BlackFideId "24113590"]
[WhiteElo "2921"]
[BlackElo "2604"]
[Result "1-0"]
[Round "2"]
[TimeControl "180+1"]
[Date "2023.08.08"]
[WhiteClock "0:00:08"]
[BlackClock "0:00:01"]
[Board "30"]

1. e4 e5 2. Nf3 Nc6 3. Bb5 Nf6 4. d3 Bc5 5. c3 d6 6. h3 O-O 7. O-O a6 8. Ba4 Ba7 9. Re1 Ne7 10. d4 Ng6 11. Nbd2 c6 12. Bc2 Re8 13. Nf1 Qc7 14. Ng3 h6 15. Be3 Be6 16. a4 a5 17. Qd2 Rad8 18. Rad1 Bc8 19. dxe5 dxe5 20. Qc1 Bxe3 21. Qxe3 b6 22. Bb3 Be6 23. Bxe6 Rxe6 24. Nf5 Ree8 25. g3 Kh7 26. h4 Ng4 27. Qe2 Ne7 28. Ng5+ hxg5 29. Qxg4 Nxf5 30. Qxf5+ Kg8 31. Qxg5 f6 32. Qf5 b5 33. h5 Qf7 34. axb5 cxb5 35. Kg2 a4 36. Rh1 Rxd1 37. Rxd1 Qe7 38. h6 gxh6 39. Rd7 Qf8 40. Qh7# 1-0


[Site "https://www.chess.com"]

[Event "Titled Tuesday Blitz August 08 Early 2023"]
[White "Erzhanov, Arman"]
[Black "Zemlyanskii, Ivan"]
[WhiteFideId "4138821"]
[BlackFideId "24249971"]
[WhiteElo "2602"]
[BlackElo "2916"]
[Result "1/2-1/2"]
[Round "2"]
[TimeControl "180+1"]
[Date "2023.08.08"]
[WhiteClock "0:00:20"]
[BlackClock "0:00:10"]
[Board "31"]

1. e4 c5 2. Nf3 e6 3. b3 Nc6 4. Bb5 Qf6 5. Nc3 Nd4 6. Be2 a6 7. O-O Ne7 8. Bb2 Nec6 9. Nxd4 cxd4 10. Na4 Qd8 11. c4 e5 12. c5 Be7 13. Rc1 O-O 14. Nb6 Rb8 15. Ba3 d6 16. Nd5 dxc5 17. Nxe7+ Nxe7 18. Bxc5 Be6 19. Bg4 Qd7 20. Bxe6 Qxe6 21. d3 Rfc8 22. Qd2 Ng6 23. g3 h5 24. h4 Rc6 25. Ba3 Rbc8 26. Rxc6 Rxc6 27. Rc1 Rxc1+ 28. Qxc1 Qg4 29. Kf1 Qf3 30. Qc2 Kh7 31. Ke1 f6 32. Qe2 Qxe2+ 33. Kxe2 Nf8 34. f4 Nd7 35. Bd6 Kg8 36. f5 Kf7 37. a4 g6 38. Kf3 g5 39. g4 hxg4+ 40. Kxg4 gxh4 41. Kxh4 Nb6 42. Kg4 Nc8 43. Bc5 b6 44. Ba3 Na7 45. Kh5 Nc6 46. Bd6 Na5 47. b4 Nb3 48. b5 axb5 49. axb5 Nc1 50. Bc7 Nxd3 51. Bxb6 Ke7 52. Ba5 Nf4+ 53. Kh6 Kd7 54. Kg7 Nh5+ 55. Kg6 Ng3 56. Kxf6 Nxe4+ 57. Kxe5 Nd6 58. f6 d3 59. b6 Nc4+ 60. Kd4 Nxa5 61. Kxd3 Ke6 62. Kd4 Kxf6 63. Kc5 Ke7 64. Kb5 Nb7 65. Kc6 Nd6 66. Kc7 Nb5+ 67. Kc6 Nd6 68. Kc5 Kd7 69. Kd5 Nb7 70. Kc4 Kc6 71. Kd4 Kxb6 1/2-1/2


[Site "https://www.chess.com"]

[Event "Titled Tuesday Blitz August 08 Early 2023"]
[White "Demchenko, Anton"]
[Black "Subelj, Jan"]
[WhiteFideId "4160258"]
[BlackFideId "14618583"]
[WhiteElo "2911"]
[BlackElo "2602"]
[Result "1-0"]
[Round "2"]
[TimeControl "180+1"]
[Date "2023.08.08"]
[WhiteClock "0:00:35"]
[BlackClock "0:00:00"]
[Board "32"]

1. e4 Nc6 2. Nf3 e5 3. Bc4 Bc5 4. d3 Nf6 5. Bg5 h6 6. Bh4 Be7 7. Bg3 d6 8. a4 a5 9. c3 O-O 10. Nbd2 Be6 11. Bxe6 fxe6 12. h3 Qe8 13. Qb3 Qd7 14. O-O b6 15. Rac1 Nh5 16. Bh2 Nf4 17. Bxf4 Rxf4 18. Qb5 Nb8 19. d4 Qxb5 20. axb5 Nd7 21. Rfe1 Raf8 22. Nc4 Bf6 23. Rc2 exd4 24. cxd4 e5 25. dxe5 dxe5 26. Nfd2 Be7 27. f3 Bc5+ 28. Kh2 a4 29. Ra1 Ra8 30. Nf1 Kf7 31. Nfe3 Rf6 32. Nd5 Rg6 33. Nxc7 Rc8 34. Nd5 Ke6 35. Rxa4 Bd4 36. Ra7 Rc5 37. b4 Rc8 38. Nc7+ Ke7 39. Ne3 Kd8 40. Ned5 Rd6 41. Rca2 Nf6 42. Nxf6 gxf6 43. Nd5 f5 44. Rh7 fxe4 45. Raa7 Re6 46. Nf6 1-0


[Site "https://www.chess.com"]

[Event "Titled Tuesday Blitz August 08 Early 2023"]
[White "Zarnicki, Pablo"]
[Black "Zakhartsov, Vladimir"]
[WhiteFideId "100137"]
[BlackFideId "4145097"]
[WhiteElo "2600"]
[BlackElo "2908"]
[Result "0-1"]
[Round "2"]
[TimeControl "180+1"]
[Date "2023.08.08"]
[WhiteClock "0:00:00"]
[BlackClock "0:01:31"]
[Board "33"]

1. e4 c5 2. Nf3 d6 3. Bb5+ Nd7 4. d4 cxd4 5. Qxd4 a6 6. Bxd7+ Bxd7 7. Nc3 Rc8 8. Bg5 h6 9. Bh4 Nf6 10. O-O g5 11. Bg3 Bg7 12. Qd3 Nh5 13. Nd4 Qb6 14. Rad1 Qxd4 15. Qxd4 Bxd4 16. Rxd4 f6 17. f3 Be6 18. a3 Kf7 19. Rfd1 Rc6 20. Rb4 b5 21. a4 bxa4 22. Be1 a3 23. bxa3 Rhc8 24. Ne2 Rxc2 25. Nd4 Ra2 26. Nxe6 Kxe6 27. Ra4 Rcc2 0-1


[Site "https://www.chess.com"]

[Event "Titled Tuesday Blitz August 08 Early 2023"]
[White "Jones, Gawain C B"]
[Black "Goldin, Alexander"]
[WhiteFideId "409561"]
[BlackFideId "2019540"]
[WhiteElo "2900"]
[BlackElo "2599"]
[Result "1-0"]
[Round "2"]
[TimeControl "180+1"]
[Date "2023.08.08"]
[WhiteClock "0:00:14"]
[BlackClock "0:00:00"]
[Board "34"]

1. Nf3 d5 2. c4 e6 3. g3 a6 4. b3 Nf6 5. Bg2 b5 6. cxd5 exd5 7. O-O c5 8. d4 Be6 9. a4 b4 10. dxc5 Bxc5 11. Nd4 Nbd7 12. Bb2 O-O 13. Nd2 Rc8 14. h3 Qb6 15. N2f3 Ne4 16. e3 Be7 17. a5 Qb8 18. Nxe6 fxe6 19. Nd4 Ndc5 20. Bxe4 dxe4 21. Qg4 Rf6 22. Rac1 Rg6 23. Qh5 Rg5 24. Qe2 e5 25. Qc4+ Kh8 26. Ne6 Rg6 27. Nxc5 Rxc5 28. Qxe4 Rxa5 29. Rfd1 Rf6 30. Rd7 Qf8 31. Bxe5 Rf7 32. Rdc7 Ra2 33. Rc8 Bd8 34. Bf4 Rd7 35. R1c2 Ra1+ 36. Rc1 Ra2 37. R8c2 Rxc2 38. Rxc2 a5 39. Kg2 h6 40. Rc8 Re7 41. Qd5 Re8 42. Qd7 Kh7 43. Bc7 Re7 44. Qd3+ Kh8 45. Rxd8 Re8 46. Bxa5 Qe7 47. Rxe8+ Qxe8 48. Qd8 1-0


[Site "https://www.chess.com"]

[Event "Titled Tuesday Blitz August 08 Early 2023"]
[White "Andreev, Konstantin"]
[Black "Vokhidov, Shamsiddin"]
[WhiteFideId "24239305"]
[BlackFideId "14204223"]
[WhiteElo "2595"]
[BlackElo "2899"]
[Result "0-1"]
[Round "2"]
[TimeControl "180+1"]
[Date "2023.08.08"]
[WhiteClock "0:00:01"]
[BlackClock "0:01:39"]
[Board "35"]

1. e4 Nf6 2. e5 Nd5 3. d4 d6 4. c4 Nb6 5. exd6 exd6 6. Nc3 Be7 7. Bd3 Nc6 8. Nge2 O-O 9. O-O Bf6 10. Be3 Nb4 11. a3 Nxd3 12. Qxd3 d5 13. c5 Nc4 14. Bc1 b6 15. b3 Na5 16. b4 Nc4 17. Nf4 c6 18. b5 bxc5 19. bxc6 Bxd4 20. Nfxd5 Bxc3 21. c7 Qd7 22. Rb1 Nb6 23. Rxb6 axb6 24. Bg5 f6 25. Bf4 Be5 26. Bxe5 fxe5 27. Qb3 Qe6 28. Rd1 Kh8 29. Qxb6 Qf7 30. f4 Bg4 31. Rb1 Qxd5 0-1


[Site "https://www.chess.com"]

[Event "Titled Tuesday Blitz August 08 Early 2023"]
[White "Jia, Haoxiang"]
[Black "Alekseev, Evgeny"]
[WhiteFideId "8602999"]
[BlackFideId "4138147"]
[WhiteElo "2594"]
[BlackElo "2895"]
[Result "0-1"]
[Round "2"]
[TimeControl "180+1"]
[Date "2023.08.08"]
[WhiteClock "0:00:26"]
[BlackClock "0:00:09"]
[Board "36"]

1. d4 Nf6 2. Bf4 e6 3. e3 d5 4. Nf3 c5 5. c3 Nc6 6. Bd3 Bd6 7. Bg3 Qe7 8. Ne5 Qc7 9. f4 Ne4 10. Bxe4 dxe4 11. Nd2 f5 12. O-O O-O 13. Bh4 Re8 14. Ndc4 Bf8 15. Nxc6 bxc6 16. Ne5 a5 17. g4 Rb8 18. Rf2 Bd6 19. Qa4 Ba6 20. Qxc6 Qxc6 21. Nxc6 Rb6 22. Nxa5 cxd4 23. cxd4 Rc8 24. gxf5 exf5 25. Nb3 Kf7 26. Rc1 Rxc1+ 27. Nxc1 Ke6 28. Rc2 Bd3 29. Nxd3 exd3 30. Rd2 Kd5 31. Rxd3 Rxb2 32. Bf2 Rxa2 33. Rb3 Ke4 34. Kg2 g6 35. Rb6 Bf8 36. Rb8 Bd6 37. Rd8 Bb4 38. Re8+ Kd3 39. Rb8 Be1 40. d5 Bxf2 41. Kf3 Be1 42. Rb3+ Bc3 43. d6 Ra7 44. Rb8 Rd7 45. Rh8 Bxh8 46. h4 Rxd6 47. h5 Rd7 48. h6 Re7 49. Kg3 Rxe3+ 50. Kh4 Re4 51. Kg5 Ke3 52. Kh4 Kxf4 53. Kh3 Kg5 54. Kg3 Kxh6 55. Kf3 Kg5 56. Kg3 Bf6 57. Kf3 h5 58. Kg3 h4+ 59. Kh3 Kh5 60. Kg2 g5 61. Kh3 g4+ 62. Kg2 Kg5 63. Kf2 Kf4 64. Kg2 Re3 65. Kf1 h3 66. Kf2 g3+ 67. Kg1 Re1# 0-1


[Site "https://www.chess.com"]

[Event "Titled Tuesday Blitz August 08 Early 2023"]
[White "Kazakouski, Valery"]
[Black "Heinemann, Josefine"]
[WhiteFideId "13507443"]
[BlackFideId "12900460"]
[WhiteElo "2892"]
[BlackElo "2593"]
[Result "1-0"]
[Round "2"]
[TimeControl "180+1"]
[Date "2023.08.08"]
[WhiteClock "0:00:11"]
[BlackClock "0:00:03"]
[Board "37"]

1. Nf3 d5 2. c4 e6 3. b3 Nf6 4. g3 c5 5. e3 Nc6 6. Bg2 d4 7. exd4 cxd4 8. O-O Be7 9. Re1 O-O 10. Bb2 Re8 11. Na3 Bc5 12. d3 e5 13. Nc2 a5 14. a3 Bg4 15. h3 Bh5 16. g4 Bg6 17. b4 axb4 18. axb4 Rxa1 19. Bxa1 Bd6 20. b5 Nb8 21. Nh4 b6 22. Nxg6 hxg6 23. Qe2 Nbd7 24. Bc6 Re7 25. Bb2 Nc5 26. Ra1 Kh7 27. Ra8 Qc7 28. Nb4 e4 29. dxe4 Ncxe4 30. Na6 Bh2+ 31. Kg2 Qf4 32. Bxd4 Re6 33. Be3 Qe5 34. Nb4 Nc3 35. Qf3 Nfe4 36. Nd3 Qc7 37. Nf4 Bxf4 38. Qxf4 Qxf4 39. Bxf4 Ne2 40. Be3 Nf6 41. Bf3 Nc3 42. Rb8 Nce4 43. Rxb6 Rxb6 44. Bxb6 1-0


[Site "https://www.chess.com"]

[Event "Titled Tuesday Blitz August 08 Early 2023"]
[White "Aslanov, Umid"]
[Black "Narayanan, Srinath"]
[WhiteFideId "13412620"]
[BlackFideId "5018420"]
[WhiteElo "2591"]
[BlackElo "2890"]
[Result "1/2-1/2"]
[Round "2"]
[TimeControl "180+1"]
[Date "2023.08.08"]
[WhiteClock "0:00:08"]
[BlackClock "0:00:06"]
[Board "38"]

1. e4 c5 2. Nf3 d6 3. d4 cxd4 4. Nxd4 Nf6 5. Nc3 Nc6 6. Bc4 e6 7. O-O Be7 8. Re1 O-O 9. h3 a6 10. a4 Qc7 11. Nxc6 bxc6 12. Bf4 e5 13. Bg5 Be6 14. Qe2 a5 15. Rad1 Rad8 16. Bxf6 Bxf6 17. Bxe6 fxe6 18. Qc4 Rfe8 19. Nb5 Qd7 20. Nxd6 Rf8 21. Rd3 Bh4 22. Nf5 Qf7 23. g3 Bg5 24. h4 Bxh4 25. gxh4 Rxd3 26. cxd3 exf5 27. exf5 Qxc4 28. dxc4 Rxf5 29. Re4 c5 30. Kg2 Kf7 31. f3 Ke6 32. Kf2 g5 33. Ke3 h5 34. hxg5 Rxg5 35. Rh4 Kf5 36. b3 Kg6 37. Ke4 Rg3 38. Rh1 Kg5 39. Kxe5 Rxf3 40. Kd5 Rxb3 41. Kxc5 h4 42. Kd4 Rb4 43. Kd5 Rxa4 44. c5 Ra2 45. Rc1 Rd2+ 46. Kc4 Rb2 47. c6 Rb8 48. Kd5 h3 49. Kd6 Rc8 50. c7 Kg4 51. Kd7 Rxc7+ 52. Kxc7 Kg3 53. Kb6 h2 54. Kxa5 Kg2 55. Rc2+ Kg1 56. Rxh2 Kxh2 1/2-1/2


[Site "https://www.chess.com"]

[Event "Titled Tuesday Blitz August 08 Early 2023"]
[White "Aravindh, Chithambaram VR."]
[Black "Budrewicz, Krzysztof"]
[WhiteFideId "5072786"]
[BlackFideId "1127950"]
[WhiteElo "2888"]
[BlackElo "2590"]
[Result "1-0"]
[Round "2"]
[TimeControl "180+1"]
[Date "2023.08.08"]
[WhiteClock "0:00:09"]
[BlackClock "0:00:27"]
[Board "39"]

1. c4 e5 2. Nc3 Nc6 3. d3 f5 4. g3 Nf6 5. Bg2 Bc5 6. Nf3 O-O 7. O-O d6 8. a3 a6 9. Bg5 h6 10. Bxf6 Qxf6 11. b4 Ba7 12. Nd5 Qf7 13. Nd2 Be6 14. a4 f4 15. Kh1 Nd4 16. e3 f3 17. Nxf3 c6 18. exd4 cxd5 19. c5 Bg4 20. Nxe5 Bxd1 21. Nxf7 Be2 22. Nxd6 Bxf1 23. Bxd5+ Kh7 24. Rxf1 Rad8 25. Be4+ g6 26. Bxb7 Bb8 27. Bxa6 Bxd6 28. cxd6 Rxd6 29. Bc4 Ra8 30. a5 Rxd4 31. a6 Kg7 32. b5 Rd6 33. Re1 Kf6 34. Kg2 g5 35. f4 gxf4 36. gxf4 Rb6 37. Kf3 Rd8 38. Re5 Rbd6 39. Rh5 Kg6 40. Rc5 Kf6 41. Ke4 Re8+ 42. Re5 Red8 43. Rf5+ Kg6 44. Rd5 Re8+ 45. Re5 Red8 46. Re6+ Rxe6+ 47. Bxe6 Kf6 48. Bd5 Rd7 49. b6 1-0


[Site "https://www.chess.com"]